AoeStats
← VLC | DafeKhan

Migration

508491244Analyzed
1v1 RM · 10d ago on Sep 22, 2026· 65m 31s· 2 players
Game mode
Random Map
Map size
132×132
Population
200
Speed
Normal
Resources
Standard
Victory
Conquest
Starting age
Dark Age
Ending age
Imperial Age
RankedLock teamsTeams togetherTeam positionsShared explorationLock speedFull tech treeHidden civsTurbo modeCheats
Victory
Defeat
🇨🇴 Teutons · Colombia
1572
+19
🇺🇸 Vikings · United States
1632
-19
VLC | DafeKhan
11:30 Feudal Age
15:07 Castle Age
15:19 Loom
16:07 Medium Warships
16:09 Double-Bit Axe
22:50 Horse Collar
24:14 Bow Saw
26:01 Scale Barding Armor
26:41 Fishing Lines
31:04 Fletching
31:59 Bodkin Arrow
32:58 Ballistics
36:40 Imperial Age
35:21 Chain Barding Armor
38:40 Plate Barding Armor
42:12 Bloodlines
44:42 Cavalier
46:13 Forging
46:49 Town Watch
51:05 Chemistry
51:49 Crenellations
52:57 Padded Archer Armor
55:30 Heavy Plow
56:07 Wheelbarrow
56:34 Two-Man Saw
55:26 Gold Mining
55:27 Stone Mining
55:09 Paladin
59:22 Iron Casting
59:36 Heavy Warships
61:23 Caravan
hitman_aoe
9:56 Loom
10:28 Loom
12:46 Feudal Age
13:21 Double-Bit Axe
13:51 Horse Collar
15:28 Fishing Lines
15:58 Town Watch
18:31 Castle Age
16:56 Forging
17:53 Fletching
18:57 Gold Mining
19:34 Medium Warships
20:24 Gillnets
21:44 Clinker Construction
24:18 Imperial Age
23:02 Bow Saw
23:18 Bodkin Arrow
24:17 Padded Archer Armor
26:01 Block Printing
25:33 Elite Longship
26:58 Bracer
27:44 Ballistics
27:16 Crossbowman
29:50 Chemistry
33:31 Heavy Warships
32:55 Arbalester
39:21 Leather Archer Armor
41:09 Scale Mail Armor
47:43 Squires
47:35 Pikeman
48:31 Chain Mail Armor
49:46 Plate Mail Armor
50:48 Chieftains
54:07 Iron Casting
56:26 Siege Engineers
56:31 Elite Skirmisher
Connection lost

Rejoining the realm…

Still unreachable

The connection could not be restored.

Session expired

The server has moved on; the page needs a fresh start.